 Dungeon Crawl Stone Soup version 0.30-a0-778-g2ef04afb54 (webtiles) character file.

Game seed: 15174038952020579546

154 browni3141 the Digger (level 5, -3/44 HPs)
             Began as a Naga Wanderer on Feb 15, 2023.
             Slain by an orc
             ... wielding a +0 war axe
              (7 damage)
             ... on level 3 of the Dungeon.
             The game lasted 00:04:38 (2508 turns).

browni3141 the Digger (Naga Wanderer)               Turns: 2508, Time: 00:04:39

Health: -3/44      AC:  4    Str: 14    XL:     5   Next: 36%
Magic:  5/17       EV:  8    Int: 14    God:
Gold:   72         SH:  0    Dex: 11    Spells: 5/8 levels left

rFire   . . .      SeeInvis +    k - staff of conjuration
rCold   . . .      Faith    .    (no shield)
rNeg    . . .      Spirit   .    d - +0 leather armour
rPois   +          Reflect  .    (no helmet)
rElec   .          Harm     .    (no cloak)
rCorr   .          Rampage  .    j - +0 pair of gloves
Will    .....                    (no barding)
Stlth   ++                       (no amulet)
HPRegen 0.27/turn                p - ring of magical power
MPRegen 0.15/turn                (no ring)

@: short of breath, very slow
A: AC +1, large, see invisible, deformed body, poison resistance, slowness 2,
spit poison 1, naga tail 1
a: Spit Poison


You were on level 3 of the Dungeon.
You visited 1 branch of the dungeon, and saw 3 of its levels.

You collected 72 gold pieces.

Inventory:

Hand Weapons
 a - a +0 club
 l - a +2 vampiric whip
Missiles
 f - 4 poisoned darts
Armour
 d - a +0 leather armour (worn)
 j - a +0 pair of gloves (worn)
Magical Staves
 k - a staff of conjuration (weapon)
Jewellery
 p - a ring of magical power (left hand)
Scrolls
 c - a scroll of enchant weapon {unknown}
 e - a scroll of teleportation
 h - 2 scrolls of identify {unknown}
 m - a scroll of amnesia {unknown}
 q - a scroll of poison {unknown}
Potions
 g - 4 potions of curing {unknown}
 i - a potion of brilliance {unknown}
 n - a potion of haste {unknown}
 o - a potion of mutation {unknown}
Miscellaneous
 b - a piece from Xom's chessboard (15/15)


   Skills:
 - Level 1.0 Fighting
 - Level 3.0 Stealth
 - Level 1.0 Unarmed Combat
 - Level 2.0 Spellcasting
 * Level 3.9 Translocations
 - Level 4.0 Earth Magic
 - Level 3.0 Evocations


You had 5 spell levels left.
You knew the following spells:

 Your Spells              Type           Power      Damage    Failure   Level
a - Sandblast             Erth           24%        2d8       6%          1
b - Blink                 Tloc           24%        N/A       9%          2

Your spell library contained the following spells:

 Spells                   Type           Power      Damage    Failure   Level
 Passwall                 Tmut/Erth      5%         N/A       21%         2
 Manifold Assault         Tloc           12%        N/A       52%         4
 Petrify                  Tmut/Erth      7%         N/A       78%         4
 Olgreb's Toxic Radiance  Pois           1%         N/A       96%         4
 Ozocubu's Refrigeration  Ice            0%         4d7       100%        7
 Storm Form               Tmut/Air       0%         N/A       100%        7
 Ignition                 Fire           0%         3d3       100%        8


Dungeon Overview and Level Annotations

Branches:
Dungeon (3/15)

Altars:
Makhleb


Innate Abilities, Weirdness & Mutations

Your serpentine skin is tough. (AC +1)
You have supernaturally acute eyesight. (SInv)
Armour fits poorly on your strangely shaped body.
Your system is resistant to poisons. (rPois)
You cover ground very slowly.
You can spit poison.
You have a snake-like lower body.


Message History

Press: ? - help, Q - select action, (/) - cycle Shift-Dir - straight line, f/p - orc priest
Aim: an orc priest, wielding a +0 mace (severely wounded, 82% to hit)
The blast of sand hits the orc!
You kill the orc!
You have got your breath back.
You feel stable enough to blink again. The orc hits you with a +0 war axe!
The orc priest hits you but does no damage.
The orc hits you but does no damage.
Aiming: Spit Poison (1% risk of failure)
Press: ? - help, Shift-Dir - straight line, f/p - orc priest
Aim: an orc priest, wielding a +0 mace (severely wounded, 59% to hit)
The splash of poison misses the orc priest.
The orc priest barely misses you. The orc hits you with a +0 war axe!
* * * LOW HITPOINT WARNING * * *
Unknown command.
Casting: Sandblast (safe; 6% risk of failure)
Confirm with . or Enter, or press ? or * to list all spells.
You blink.
Aiming: Sandblast (safe; 6% risk of failure)
Press: ? - help, Q - select action, (/) - cycle Shift-Dir - straight line, f/p - orc priest
Aim: an orc priest, wielding a +0 mace (severely wounded, 82% to hit)
The blast of sand hits the orc priest!
You kill the orc priest!
Aiming: Sandblast (safe; 6% risk of failure)
Press: ? - help, Q - select action, (/) - cycle Shift-Dir - straight line, f - orc
Aim: an orc, wielding a +0 war axe and wearing a +0 scale mail (84% to hit)
The blast of sand hits the orc but does no damage.
You have got your breath back.
The orc hits you with a +0 war axe!
* * * LOW HITPOINT WARNING * * *
Unknown command.
Aiming: Spit Poison (1% risk of failure)
Press: ? - help, Shift-Dir - straight line, f/p - orc
Aim: an orc, wielding a +0 war axe and wearing a +0 scale mail (65% to hit)
The splash of poison hits the orc but does no damage.
The orc is poisoned.
You feel stable enough to blink again. The orc hits you with a +0 war axe!
You die...

#...♣~P~~~~...~~♣♣
#..?~~~~~P.~..~~~♣
#...♣P~P~~~...~PP♣ #.
#....♣~~P~~..~~~♣
#.######.... #~~~..~~♣♣#
###.........# ##♣~..~♣~.#
...........# #...~♣#.#
#........)#######...♣♣#.#
#?......o@............#.#
#....))............##.#.#
#......################.#
#......# #.# #......# #.#
#......# #.# #......# #.#
#....... #.# ######...
#.##


You could see an orc (poisoned).

Vanquished Creatures
  An orc priest (D:3)
  Terence (D:2)
  4 gnolls
  An adder (D:2)
  A dart slug (D:1)
  3 orcs (D:3)
  3 ball pythons
  7 endoplasms
  2 giant cockroaches (D:1)
  4 goblins (D:1)
  4 hobgoblins
  8 jackals
  2 bats
  A frilled lizard (D:1)
  2 kobolds (D:2)
  A rat (D:2)
45 creatures vanquished.

Vanquished Creatures (others)
  4 plants (D:3)
4 creatures vanquished.

Grand Total: 49 creatures vanquished

Notes
Turn   | Place    | Note
-------+----------+-------------------------------------------
     0 | D:1      | browni3141 the Naga Wanderer began the quest for the Orb.
     0 | D:1      | browni3141 set off with the following items: a +0 club, a
                  | piece from Xom's chessboard (15/15), a potion of heal
                  | wounds, a +0 leather armour, a scroll of teleportation; and
                  | the following spell memorised: Sandblast; and the following
                  | spells available to memorise: Passwall, Petrify.
     0 | D:1      | Reached XP level 1. HP: 18/18 MP: 2/2
    63 | D:1      | Reached skill level 1 in Stealth
   106 | D:1      | Reached XP level 2. HP: 14/25 MP: 0/3
   287 | D:1      | HP: 1/25 [goblin/+0 club (2)]
   886 | D:1      | Reached XP level 3. HP: 31/31 MP: 3/5
   889 | D:1      | Learned a level 2 spell: Blink
  1089 | D:1      | Found a faded altar of an unknown god.
  1224 | D:2      | Found a burning altar of Makhleb.
  1435 | D:2      | Reached skill level 1 in Translocations
  1668 | D:2      | Noticed Terence
  1683 | D:2      | Killed Terence
  1684 | D:2      | Reached XP level 4. HP: 20/38 MP: 1/7
  2129 | D:2      | Reached XP level 5. HP: 32/44 MP: 1/8
  2508 | D:3      | Slain by an orc

Illustrated notes

Levels and vault maps discovered:
D:1:      dpeg_arrival_rhombus, layout_loops_corners,
          shapermc_ecumenical_altar_acropolis, solitary_fountain,
          nicolae_figureground_sparkle
D:2:      layout_basic, basic_altar, cheibrodos_gnoll_hut, uniq_terence
D:3:      layout_basic, serial_bayou_ford_a, interstate_on_off,
          uniq_crazy_yiuf_cottage, uniq_sigmund

Skill      XL: |  1  2  3  4 |
---------------+-------------+-----
Stealth        | 2 3 |  3.0
Spellcasting   | 2 |  2.0
Translocations | 2 3 |  3.9
Fighting       | |  1.0
Unarmed Combat | |  1.0
Earth Magic    | |  4.0
Evocations     | |  3.0

Action                     |  1- 3 |  4- 6 || total
---------------------------+-------+-------++-------
  Melee: Club              |    12 |       ||    12
         Staff             |     7 |    11 ||    18
   Cast: Sandblast         |    40 |    30 ||    70
         Blink             |     1 |     3 ||     4
Ability: Spit Poison       |     4 |     7 ||    11
  Evoke: Piece from Xom's  |     2 |       ||     2
    Use: Potion            |     1 |       ||     1
 Armour: Leather armour    |    13 |     9 ||    22
  Dodge: Dodged            |    20 |    18 ||    38

Table legend: (Time is in decaauts)
 A = Elapsed time spent in this place.
 B = Non-inter-level travel time spent in this place.
 C = Inter-level travel time spent in this place.
 D = Time resting spent in this place.
 E = Time spent auto-exploring this place.
 F = Levels seen in this place.
 G = Mean time per level.
                   A        B        C        D        E       F      G
               +--------+--------+--------+--------+--------+-----+--------+
         Total |   3165 |   2973 |    192 |    161 |   2428 |   3 | 1055.0 |
       Dungeon |   3165 |   2973 |    192 |    161 |   2428 |   3 | 1055.0 |
               +--------+--------+--------+--------+--------+-----+--------+

Top non-repeatable levels by time:
     D:1: 1794 daAuts
     D:2: 1208 daAuts
     D:3: 161 daAuts
